 Dungeon Crawl Stone Soup version 0.32-a0-607-g64ea0e4219 (webtiles) character file.

Game seed: 10779145778702369798

464 zenocrate the Digger (level 7, -6/46 HPs)
             Began as an Octopode Earth Elementalist on Mar 4, 2024.
             Mangled by an iguana (14 damage)
             ... on level 3 of the Dungeon.
             The game lasted 00:04:26 (2806 turns).

zenocrate the Digger (Octopode Earth Elementalist)  Turns: 2806, Time: 00:04:26

Health: -6/46      AC:  1    Str: 20    XL:     7   Next: 7%
Magic:  20/20      EV: 13    Int: 19    God:
Gold:   150        SH:  0    Dex: 12    Spells: 2/12 levels left

rFire   . . .        a - +0 long sword
rCold   . . .        l - orb {*channel}
rNeg    . . .        (helmet restricted)
rPois   .            i - amulet of magic regeneration
rElec   .            b - +6 ring of strength
rCorr   .            e - +6 ring of strength
SInv    .            h - ring of magical power
Will    .....        (no ring)
Stlth   +++          (no ring)
HPRegen 0.27/turn    (no ring)
MPRegen 0.57/turn    (no ring)
                     (no ring)

%: channel magic (20%)
@: lethally poisoned (-6 -> -9), hasted, very quick
A: almost no armour, amphibious, 8 rings, camouflage 1, gelatinous body 1,
(nimble swimmer 1), tentacles
a: no special abilities


You were on level 3 of the Dungeon.
You visited 1 branch of the dungeon, and saw 4 of its levels.

You collected 150 gold pieces.

Inventory:

Hand Weapons
 a - a +0 long sword (weapon)
Armour
 l - an orb of energy (worn)
Jewellery
 b - a +6 ring of strength (left tentacle)
 e - a +6 ring of strength (right tentacle)
 h - a ring of magical power (on tentacle)
 i - an amulet of magic regeneration (around mantle)
 o - a ring of fire
 u - a ring of fire
Talismans
 m - a blade talisman
Scrolls
 c - 2 scrolls of amnesia
 d - a scroll of enchant weapon {unknown}
 g - 2 scrolls of teleportation {unknown}
 k - 2 scrolls of identify {unknown}
 r - a scroll of noise {unknown}
 t - a scroll of enchant armour {unknown}
Potions
 f - a potion of magic
 j - a potion of haste
 n - a potion of degeneration {unknown}
 p - a potion of resistance {unknown}
 q - a potion of invisibility {unknown}
 s - a potion of heal wounds {unknown}
 v - a potion of curing {unknown}


   Skills:
 * Level 3.4 Fighting
 + Level 3.3 Dodging
 - Level 2.6 Stealth
 + Level 3.0 Spellcasting
 + Level 2.7 Conjurations
 + Level 1.7 Translocations
 + Level 4.0 Earth Magic
 - Level 1.2 Shapeshifting


You had 2 spell levels left.
You knew the following spells:

 Your Spells              Type           Power      Damage    Failure   Level
a - Sandblast             Erth           36%        2d10      11%         1
b - Stone Arrow           Conj/Erth      30%        3d8       28%         3
c - Brom's Barrelling Bo  Conj/Erth      15%        2d4       58%         4
x - Blink                 Tloc           18%        N/A       26%         2

Your spell library contained the following spells:

 Spells                   Type           Power      Damage    Failure   Level
 Magic Dart               Conj           52%        1d5       14%         1
 Shock                    Conj/Air       32%        1d5       22%         1
 Static Discharge         Conj/Air       16%        3-4/arc   30%         2
 Call Imp                 Summ           4%         N/A       43%         2
 Passwall                 Erth           18%        N/A       22%         3
 Swiftness                Air            2%         N/A       63%         3
 Petrify                  Alch/Erth      10%        N/A       75%         4
 Airstrike                Air            1%         2d(1-17)  94%         4
 Summon Lightning Spire   Summ/Air       2%         N/A       94%         4


Dungeon Overview and Level Annotations

Branches:
Dungeon (4/15)
 Temple: D:4-7

Altars:
Ashenzari
Fedhas


Innate Abilities, Weirdness & Mutations

You cannot wear most types of armour.
You are amphibious.
You can wear up to eight rings at the same time.
Your skin changes colour to match your surroundings (Stealth+).
Your rubbery body absorbs attacks. (AC +1, EV +1)
((You are camouflaged when in or above water. (Stealth+)))
You have tentacles for arms and can constrict up to eight enemies at once.


Message History

The scorpion closely misses you. The iguana barely misses you.
You climb upwards.
There is a stone staircase leading down here.
Casting: Sandblast (safe; 11% risk of failure)
Confirm with . or Enter, or press ? or * to list all spells.
Aiming: Sandblast (safe; 11% risk of failure)
Press: ? - help, Shift-Dir - straight line, f - scorpion
Aim: a scorpion (82% to hit)
The blast of sand hits the scorpion but does no damage.
The scorpion stings you! The iguana closely misses you.
The scorpion stings you.
You are poisoned.
The scorpion poisons you!
Casting: Sandblast (safe; 11% risk of failure)
Confirm with . or Enter, or press ? or * to list all spells.
Aiming: Sandblast (safe; 11% risk of failure)
Press: ? - help, Shift-Dir - straight line, f/p - scorpion
Aim: a scorpion (82% to hit)
The blast of sand hits the scorpion but does no damage.
You feel very sick. The scorpion closely misses you. The iguana bites you!
The scorpion misses you. The iguana barely misses you.
Unknown command.
Casting: Sandblast (safe; 11% risk of failure)
Confirm with . or Enter, or press ? or * to list all spells.
Aiming: Sandblast (safe; 11% risk of failure)
Press: ? - help, Shift-Dir - straight line, f/p - scorpion
Aim: a scorpion (82% to hit)
The blast of sand misses the scorpion.
Magical energy flows into your mind!
You feel very sick. The scorpion closely misses you. The iguana bites you!
* * * LOW HITPOINT WARNING * * *
The scorpion closely misses you.
Unknown command.
Unknown command.
Okay, then.
Okay, then.
It was a potion of haste.
You feel yourself speed up.
You feel sick. The iguana bites you!
You die...

#....##
#....##......####.###..
##.#######.#..##..###....#.#
#.. ##..##......#......#
####.#.###..
....§.........##...#
##....#..#
.≈≈≈≈≈≈≈≈≈..####...#
#.##....## .≈.......≈..#
#...## #.#..##..#
.≈..§≈≈≈.≈..#
#....####.#..###..
.≈.≈§§§§.≈..#
#.........#..#....
...≈.§.§.≈.÷#
#@..####.....#.###
.≈.≈...§.≈..#
#ls.##.........# #
.≈.≈≈≈§§§≈.##
######.####.#.####
.≈.......≈.# #.###....# #.
.≈≈≈≈≈≈≈≈≈.# #.#....### #.
...........# #####.#.#### #.
..#####..########.......# #.
..#####.###.............# ##
............######......#


You could see a scorpion and an iguana.

Vanquished Creatures
  Grinder (D:3)
  A scorpion (D:4)
  A hound (D:4)
  Jessica (D:3)
  Natasha (D:3)
  5 adders
  2 dart slugs
  A ribbon worm (D:2)
  5 bats
  10 endoplasms
  4 giant cockroaches
  7 goblins
  8 hobgoblins
  2 jackals (D:2)
  7 quokkas
  6 ball pythons
  3 frilled lizards
  5 kobolds
  4 rats
74 creatures vanquished.

Notes
Turn   | Place    | Note
-------+----------+-------------------------------------------
     0 | D:1      | zenocrate the Octopode Earth Elementalist began the quest
                  | for the Orb.
     0 | D:1      | Reached XP level 1. HP: 11/11 MP: 3/3
   171 | D:1      | Reached XP level 2. HP: 18/18 MP: 1/5
   298 | D:1      | Found a faded altar of an unknown god.
   571 | D:1      | Reached skill level 1 in Fighting
   631 | D:1      | Reached XP level 3. HP: 23/23 MP: 4/6
  1053 | D:1      | Learned a level 3 spell: Stone Arrow
  1056 | D:1      | Learned a level 2 spell: Blink
  1177 | D:2      | Found a blossoming altar of Fedhas.
  1680 | D:2      | Reached XP level 4. HP: 28/28 MP: 7/7
  1956 | D:3      | Noticed Jessica
  1969 | D:3      | Killed Jessica
  2111 | D:3      | Noticed Grinder
  2124 | D:3      | Killed Grinder
  2125 | D:3      | Reached skill level 1 in Translocations
  2125 | D:3      | Reached skill level 1 in Shapeshifting
  2125 | D:3      | Reached XP level 5. HP: 21/36 MP: 9/9
  2125 | D:3      | Reached XP level 6. HP: 25/42 MP: 10/10
  2214 | D:3      | Learned a level 4 spell: Brom's Barrelling Boulder
  2298 | D:3      | Found a broken altar of Ashenzari.
  2648 | D:4      | Found a blossoming altar of Fedhas.
  2655 | D:4      | Noticed Natasha
  2661 | D:4      | Reached skill level 4 in Earth Magic
  2661 | D:4      | Reached XP level 7. HP: 44/46 MP: 11/11
  2750 | D:3      | Killed Natasha
  2806 | D:3      | Mangled by an iguana

Illustrated notes

Levels and vault maps discovered:
D:1:      lemuel_arrival_river_ford, layout_basic,
          hellmonk_ecumenical_altar_leap_of_faith, minmay_misc_feat_room,
          grunt_decor_cap
D:2:      layout_basic, basic_altar
D:3:      layout_rooms, mainiacjoe_overflow_concentric_impassable, uniq_jessica,
          uniq_grinder
D:4:      layout_loops_ring, mainiacjoe_overflow_catch_the_wave, uniq_natasha

Skill      XL: |  1  2  3  4  5  6 |
---------------+-------------------+-----
Fighting       | 1 3 |  3.4
Dodging        | 3 |  3.3
Conjurations   | 2 |  2.7
Translocations | 1 |  1.7
Shapeshifting  | 1 |  1.2
Spellcasting   | 3 |  3.0
Earth Magic    | 4 |  4.0
Stealth        | |  2.6

Action                     |  1- 3 |  4- 6 |  7- 9 || total
---------------------------+-------+-------+-------++-------
  Melee: Constrict         |     3 |     1 |       ||     4
         Unarmed           |     2 |       |       ||     2
         Long sword        |     4 |     2 |       ||     6
         Tentacles         |       |     1 |       ||     1
   Cast: Sandblast         |    49 |    54 |     7 ||   110
    Use: Scroll            |     1 |       |       ||     1
         Potion            |       |       |     1 ||     1
 Armour: Skin              |     3 |    13 |    12 ||    28
  Dodge: Dodged            |     8 |    10 |    18 ||    36

Table legend: (Time is in decaauts)
 A = Elapsed time spent in this place.
 B = Non-inter-level travel time spent in this place.
 C = Inter-level travel time spent in this place.
 D = Time resting spent in this place.
 E = Time spent auto-exploring this place.
 F = Levels seen in this place.
 G = Mean time per level.
                   A        B        C        D        E       F      G
               +--------+--------+--------+--------+--------+-----+--------+
         Total |   2863 |   2743 |    120 |      4 |   2257 |   4 |  715.8 |
       Dungeon |   2863 |   2743 |    120 |      4 |   2257 |   4 |  715.8 |
               +--------+--------+--------+--------+--------+-----+--------+

Top non-repeatable levels by time:
     D:1: 1076 daAuts
     D:2: 903 daAuts
     D:3: 739 daAuts
     D:4: 143 daAuts
